%YAML 1.1
%TAG !u! tag:unity3d.com,2011:
--- !u!1 &5799182906637924513
GameObject:
  m_ObjectHideFlags: 0
  m_CorrespondingSourceObject: {fileID: 0}
  m_PrefabInstance: {fileID: 0}
  m_PrefabAsset: {fileID: 0}
  serializedVersion: 6
  m_Component:
  - component: {fileID: 5799182906637924525}
  - component: {fileID: 5799182906637924524}
  - component: {fileID: 5799182906637924515}
  - component: {fileID: 5799182906637924514}
  - component: {fileID: 5799182906637924526}
  m_Layer: 5
  m_Name: Canvas
  m_TagString: ActionText
  m_Icon: {fileID: 0}
  m_NavMeshLayer: 0
  m_StaticEditorFlags: 0
  m_IsActive: 1
--- !u!224 &5799182906637924525
RectTransform:
  m_ObjectHideFlags: 0
  m_CorrespondingSourceObject: {fileID: 0}
  m_PrefabInstance: {fileID: 0}
  m_PrefabAsset: {fileID: 0}
  m_GameObject: {fileID: 5799182906637924513}
  m_LocalRotation: {x: 0, y: 0, z: 0, w: 1}
  m_LocalPosition: {x: 0, y: 0, z: 0}
  m_LocalScale: {x: 0, y: 0, z: 0}
  m_Children:
  - {fileID: 158098859775640283}
  - {fileID: 5799182907164797368}
  - {fileID: 5799182906044890527}
  - {fileID: 5799182907348274560}
  - {fileID: 5799182905660284556}
  m_Father: {fileID: 0}
  m_RootOrder: 0
  m_LocalEulerAnglesHint: {x: 0, y: 0, z: 0}
  m_AnchorMin: {x: 0, y: 0}
  m_AnchorMax: {x: 0, y: 0}
  m_AnchoredPosition: {x: 0, y: 0}
  m_SizeDelta: {x: 0, y: 0}
  m_Pivot: {x: 0, y: 0}
--- !u!223 &5799182906637924524
Canvas:
  m_ObjectHideFlags: 0
  m_CorrespondingSourceObject: {fileID: 0}
  m_PrefabInstance: {fileID: 0}
  m_PrefabAsset: {fileID: 0}
  m_GameObject: {fileID: 5799182906637924513}
  m_Enabled: 1
  serializedVersion: 3
  m_RenderMode: 0
  m_Camera: {fileID: 0}
  m_PlaneDistance: 100
  m_PixelPerfect: 0
  m_ReceivesEvents: 1
  m_OverrideSorting: 0
  m_OverridePixelPerfect: 0
  m_SortingBucketNormalizedSize: 0
  m_AdditionalShaderChannelsFlag: 25
  m_SortingLayerID: 0
  m_SortingOrder: 0
  m_TargetDisplay: 0
--- !u!114 &5799182906637924515
MonoBehaviour:
  m_ObjectHideFlags: 0
  m_CorrespondingSourceObject: {fileID: 0}
  m_PrefabInstance: {fileID: 0}
  m_PrefabAsset: {fileID: 0}
  m_GameObject: {fileID: 5799182906637924513}
  m_Enabled: 1
  m_EditorHideFlags: 0
  m_Script: {fileID: 11500000, guid: 0cd44c1031e13a943bb63640046fad76, type: 3}
  m_Name: 
  m_EditorClassIdentifier: 
  m_UiScaleMode: 1
  m_ReferencePixelsPerUnit: 100
  m_ScaleFactor: 1
  m_ReferenceResolution: {x: 800, y: 600}
  m_ScreenMatchMode: 0
  m_MatchWidthOrHeight: 1
  m_PhysicalUnit: 3
  m_FallbackScreenDPI: 96
  m_DefaultSpriteDPI: 96
  m_DynamicPixelsPerUnit: 1
--- !u!114 &5799182906637924514
MonoBehaviour:
  m_ObjectHideFlags: 0
  m_CorrespondingSourceObject: {fileID: 0}
  m_PrefabInstance: {fileID: 0}
  m_PrefabAsset: {fileID: 0}
  m_GameObject: {fileID: 5799182906637924513}
  m_Enabled: 1
  m_EditorHideFlags: 0
  m_Script: {fileID: 11500000, guid: dc42784cf147c0c48a680349fa168899, type: 3}
  m_Name: 
  m_EditorClassIdentifier: 
  m_IgnoreReversedGraphics: 1
  m_BlockingObjects: 0
  m_BlockingMask:
    serializedVersion: 2
    m_Bits: 4294967295
--- !u!114 &5799182906637924526
MonoBehaviour:
  m_ObjectHideFlags: 0
  m_CorrespondingSourceObject: {fileID: 0}
  m_PrefabInstance: {fileID: 0}
  m_PrefabAsset: {fileID: 0}
  m_GameObject: {fileID: 5799182906637924513}
  m_Enabled: 1
  m_EditorHideFlags: 0
  m_Script: {fileID: 11500000, guid: 138e6ce2321325d4a9d6e29b648b4a5c, type: 3}
  m_Name: 
  m_EditorClassIdentifier: 
  cameraController: {fileID: 0}
  pad: {fileID: 0}
  itemParents: {fileID: 5799182905425569184}
  inventoryUI: {fileID: 5799182907164797375}
  charPanel: {fileID: 7120851823943096419, guid: ae6def14d8599804b8169a71409cb9c6,
    type: 3}
  bagOpen: 0
  characterSheetOpen: 0
  camSpeed: 3.5
  inventoryPosition: 0
  unlockCrossTime: 0
--- !u!1001 &1134041287537175422
PrefabInstance:
  m_ObjectHideFlags: 0
  serializedVersion: 2
  m_Modification:
    m_TransformParent: {fileID: 5799182906637924525}
    m_Modifications:
    - target: {fileID: 6901267981150807801, guid: f5d7b752c261ffd478fbbf69f49350d4,
        type: 3}
      propertyPath: m_Name
      value: GameOver
      objectReference: {fileID: 0}
    - target: {fileID: 6901267981150807806, guid: f5d7b752c261ffd478fbbf69f49350d4,
        type: 3}
      propertyPath: m_LocalPosition.x
      value: 0
      objectReference: {fileID: 0}
    - target: {fileID: 6901267981150807806, guid: f5d7b752c261ffd478fbbf69f49350d4,
        type: 3}
      propertyPath: m_LocalPosition.y
      value: 0
      objectReference: {fileID: 0}
    - target: {fileID: 6901267981150807806, guid: f5d7b752c261ffd478fbbf69f49350d4,
        type: 3}
      propertyPath: m_LocalPosition.z
      value: 0
      objectReference: {fileID: 0}
    - target: {fileID: 6901267981150807806, guid: f5d7b752c261ffd478fbbf69f49350d4,
        type: 3}
      propertyPath: m_LocalRotation.x
      value: 0
      objectReference: {fileID: 0}
    - target: {fileID: 6901267981150807806, guid: f5d7b752c261ffd478fbbf69f49350d4,
        type: 3}
      propertyPath: m_LocalRotation.y
      value: 0
      objectReference: {fileID: 0}
    - target: {fileID: 6901267981150807806, guid: f5d7b752c261ffd478fbbf69f49350d4,
        type: 3}
      propertyPath: m_LocalRotation.z
      value: 0
      objectReference: {fileID: 0}
    - target: {fileID: 6901267981150807806, guid: f5d7b752c261ffd478fbbf69f49350d4,
        type: 3}
      propertyPath: m_LocalRotation.w
      value: 1
      objectReference: {fileID: 0}
    - target: {fileID: 6901267981150807806, guid: f5d7b752c261ffd478fbbf69f49350d4,
        type: 3}
      propertyPath: m_RootOrder
      value: 3
      objectReference: {fileID: 0}
    - target: {fileID: 6901267981150807806, guid: f5d7b752c261ffd478fbbf69f49350d4,
        type: 3}
      propertyPath: m_LocalEulerAnglesHint.x
      value: 0
      objectReference: {fileID: 0}
    - target: {fileID: 6901267981150807806, guid: f5d7b752c261ffd478fbbf69f49350d4,
        type: 3}
      propertyPath: m_LocalEulerAnglesHint.y
      value: 0
      objectReference: {fileID: 0}
    - target: {fileID: 6901267981150807806, guid: f5d7b752c261ffd478fbbf69f49350d4,
        type: 3}
      propertyPath: m_LocalEulerAnglesHint.z
      value: 0
      objectReference: {fileID: 0}
    - target: {fileID: 6901267981150807806, guid: f5d7b752c261ffd478fbbf69f49350d4,
        type: 3}
      propertyPath: m_AnchoredPosition.x
      value: 0
      objectReference: {fileID: 0}
    - target: {fileID: 6901267981150807806, guid: f5d7b752c261ffd478fbbf69f49350d4,
        type: 3}
      propertyPath: m_AnchoredPosition.y
      value: 0
      objectReference: {fileID: 0}
    - target: {fileID: 6901267981150807806, guid: f5d7b752c261ffd478fbbf69f49350d4,
        type: 3}
      propertyPath: m_SizeDelta.x
      value: 100
      objectReference: {fileID: 0}
    - target: {fileID: 6901267981150807806, guid: f5d7b752c261ffd478fbbf69f49350d4,
        type: 3}
      propertyPath: m_SizeDelta.y
      value: 100
      objectReference: {fileID: 0}
    - target: {fileID: 6901267981150807806, guid: f5d7b752c261ffd478fbbf69f49350d4,
        type: 3}
      propertyPath: m_AnchorMin.x
      value: 0.5
      objectReference: {fileID: 0}
    - target: {fileID: 6901267981150807806, guid: f5d7b752c261ffd478fbbf69f49350d4,
        type: 3}
      propertyPath: m_AnchorMin.y
      value: 0.5
      objectReference: {fileID: 0}
    - target: {fileID: 6901267981150807806, guid: f5d7b752c261ffd478fbbf69f49350d4,
        type: 3}
      propertyPath: m_AnchorMax.x
      value: 0.5
      objectReference: {fileID: 0}
    - target: {fileID: 6901267981150807806, guid: f5d7b752c261ffd478fbbf69f49350d4,
        type: 3}
      propertyPath: m_AnchorMax.y
      value: 0.5
      objectReference: {fileID: 0}
    - target: {fileID: 6901267981150807806, guid: f5d7b752c261ffd478fbbf69f49350d4,
        type: 3}
      propertyPath: m_Pivot.x
      value: 0.5
      objectReference: {fileID: 0}
    - target: {fileID: 6901267981150807806, guid: f5d7b752c261ffd478fbbf69f49350d4,
        type: 3}
      propertyPath: m_Pivot.y
      value: 0.5
      objectReference: {fileID: 0}
    m_RemovedComponents: []
  m_SourcePrefab: {fileID: 100100000, guid: f5d7b752c261ffd478fbbf69f49350d4, type: 3}
--- !u!224 &5799182907348274560 stripped
RectTransform:
  m_CorrespondingSourceObject: {fileID: 6901267981150807806, guid: f5d7b752c261ffd478fbbf69f49350d4,
    type: 3}
  m_PrefabInstance: {fileID: 1134041287537175422}
  m_PrefabAsset: {fileID: 0}
--- !u!1001 &3792726542258921600
PrefabInstance:
  m_ObjectHideFlags: 0
  serializedVersion: 2
  m_Modification:
    m_TransformParent: {fileID: 5799182906637924525}
    m_Modifications:
    - target: {fileID: 3016687064569743515, guid: 1ee9ac8bf654cbc409827d74b669070f,
        type: 3}
      propertyPath: m_Name
      value: ActionText
      objectReference: {fileID: 0}
    - target: {fileID: 3932722887707566683, guid: 1ee9ac8bf654cbc409827d74b669070f,
        type: 3}
      propertyPath: m_LocalPosition.x
      value: 0
      objectReference: {fileID: 0}
    - target: {fileID: 3932722887707566683, guid: 1ee9ac8bf654cbc409827d74b669070f,
        type: 3}
      propertyPath: m_LocalPosition.y
      value: 0
      objectReference: {fileID: 0}
    - target: {fileID: 3932722887707566683, guid: 1ee9ac8bf654cbc409827d74b669070f,
        type: 3}
      propertyPath: m_LocalPosition.z
      value: 0
      objectReference: {fileID: 0}
    - target: {fileID: 3932722887707566683, guid: 1ee9ac8bf654cbc409827d74b669070f,
        type: 3}
      propertyPath: m_LocalRotation.x
      value: 0
      objectReference: {fileID: 0}
    - target: {fileID: 3932722887707566683, guid: 1ee9ac8bf654cbc409827d74b669070f,
        type: 3}
      propertyPath: m_LocalRotation.y
      value: 0
      objectReference: {fileID: 0}
    - target: {fileID: 3932722887707566683, guid: 1ee9ac8bf654cbc409827d74b669070f,
        type: 3}
      propertyPath: m_LocalRotation.z
      value: 0
      objectReference: {fileID: 0}
    - target: {fileID: 3932722887707566683, guid: 1ee9ac8bf654cbc409827d74b669070f,
        type: 3}
      propertyPath: m_LocalRotation.w
      value: 1
      objectReference: {fileID: 0}
    - target: {fileID: 3932722887707566683, guid: 1ee9ac8bf654cbc409827d74b669070f,
        type: 3}
      propertyPath: m_RootOrder
      value: 0
      objectReference: {fileID: 0}
    - target: {fileID: 3932722887707566683, guid: 1ee9ac8bf654cbc409827d74b669070f,
        type: 3}
      propertyPath: m_LocalEulerAnglesHint.x
      value: 0
      objectReference: {fileID: 0}
    - target: {fileID: 3932722887707566683, guid: 1ee9ac8bf654cbc409827d74b669070f,
        type: 3}
      propertyPath: m_LocalEulerAnglesHint.y
      value: 0
      objectReference: {fileID: 0}
    - target: {fileID: 3932722887707566683, guid: 1ee9ac8bf654cbc409827d74b669070f,
        type: 3}
      propertyPath: m_LocalEulerAnglesHint.z
      value: 0
      objectReference: {fileID: 0}
    - target: {fileID: 3932722887707566683, guid: 1ee9ac8bf654cbc409827d74b669070f,
        type: 3}
      propertyPath: m_AnchoredPosition.x
      value: 0
      objectReference: {fileID: 0}
    - target: {fileID: 3932722887707566683, guid: 1ee9ac8bf654cbc409827d74b669070f,
        type: 3}
      propertyPath: m_AnchoredPosition.y
      value: 100
      objectReference: {fileID: 0}
    - target: {fileID: 3932722887707566683, guid: 1ee9ac8bf654cbc409827d74b669070f,
        type: 3}
      propertyPath: m_SizeDelta.x
      value: 300
      objectReference: {fileID: 0}
    - target: {fileID: 3932722887707566683, guid: 1ee9ac8bf654cbc409827d74b669070f,
        type: 3}
      propertyPath: m_SizeDelta.y
      value: 50
      objectReference: {fileID: 0}
    - target: {fileID: 3932722887707566683, guid: 1ee9ac8bf654cbc409827d74b669070f,
        type: 3}
      propertyPath: m_AnchorMin.x
      value: 0.5
      objectReference: {fileID: 0}
    - target: {fileID: 3932722887707566683, guid: 1ee9ac8bf654cbc409827d74b669070f,
        type: 3}
      propertyPath: m_AnchorMin.y
      value: 0
      objectReference: {fileID: 0}
    - target: {fileID: 3932722887707566683, guid: 1ee9ac8bf654cbc409827d74b669070f,
        type: 3}
      propertyPath: m_AnchorMax.x
      value: 0.5
      objectReference: {fileID: 0}
    - target: {fileID: 3932722887707566683, guid: 1ee9ac8bf654cbc409827d74b669070f,
        type: 3}
      propertyPath: m_AnchorMax.y
      value: 0
      objectReference: {fileID: 0}
    - target: {fileID: 3932722887707566683, guid: 1ee9ac8bf654cbc409827d74b669070f,
        type: 3}
      propertyPath: m_Pivot.x
      value: 0.5
      objectReference: {fileID: 0}
    - target: {fileID: 3932722887707566683, guid: 1ee9ac8bf654cbc409827d74b669070f,
        type: 3}
      propertyPath: m_Pivot.y
      value: 0.5
      objectReference: {fileID: 0}
    m_RemovedComponents: []
  m_SourcePrefab: {fileID: 100100000, guid: 1ee9ac8bf654cbc409827d74b669070f, type: 3}
--- !u!224 &158098859775640283 stripped
RectTransform:
  m_CorrespondingSourceObject: {fileID: 3932722887707566683, guid: 1ee9ac8bf654cbc409827d74b669070f,
    type: 3}
  m_PrefabInstance: {fileID: 3792726542258921600}
  m_PrefabAsset: {fileID: 0}
--- !u!1001 &5472305757731020603
PrefabInstance:
  m_ObjectHideFlags: 0
  serializedVersion: 2
  m_Modification:
    m_TransformParent: {fileID: 5799182906637924525}
    m_Modifications:
    - target: {fileID: 1984784751174173766, guid: bcb13c917b266b64eac05f334a686460,
        type: 3}
      propertyPath: m_AnchorMax.x
      value: 0
      objectReference: {fileID: 0}
    - target: {fileID: 1984784751174173766, guid: bcb13c917b266b64eac05f334a686460,
        type: 3}
      propertyPath: m_AnchorMax.y
      value: 0
      objectReference: {fileID: 0}
    - target: {fileID: 1984784752656474788, guid: bcb13c917b266b64eac05f334a686460,
        type: 3}
      propertyPath: m_LocalPosition.x
      value: 0
      objectReference: {fileID: 0}
    - target: {fileID: 1984784752656474788, guid: bcb13c917b266b64eac05f334a686460,
        type: 3}
      propertyPath: m_LocalPosition.y
      value: 0
      objectReference: {fileID: 0}
    - target: {fileID: 1984784752656474788, guid: bcb13c917b266b64eac05f334a686460,
        type: 3}
      propertyPath: m_LocalPosition.z
      value: 0
      objectReference: {fileID: 0}
    - target: {fileID: 1984784752656474788, guid: bcb13c917b266b64eac05f334a686460,
        type: 3}
      propertyPath: m_LocalRotation.x
      value: 0
      objectReference: {fileID: 0}
    - target: {fileID: 1984784752656474788, guid: bcb13c917b266b64eac05f334a686460,
        type: 3}
      propertyPath: m_LocalRotation.y
      value: 0
      objectReference: {fileID: 0}
    - target: {fileID: 1984784752656474788, guid: bcb13c917b266b64eac05f334a686460,
        type: 3}
      propertyPath: m_LocalRotation.z
      value: 0
      objectReference: {fileID: 0}
    - target: {fileID: 1984784752656474788, guid: bcb13c917b266b64eac05f334a686460,
        type: 3}
      propertyPath: m_LocalRotation.w
      value: 1
      objectReference: {fileID: 0}
    - target: {fileID: 1984784752656474788, guid: bcb13c917b266b64eac05f334a686460,
        type: 3}
      propertyPath: m_RootOrder
      value: 2
      objectReference: {fileID: 0}
    - target: {fileID: 1984784752656474788, guid: bcb13c917b266b64eac05f334a686460,
        type: 3}
      propertyPath: m_LocalEulerAnglesHint.x
      value: 0
      objectReference: {fileID: 0}
    - target: {fileID: 1984784752656474788, guid: bcb13c917b266b64eac05f334a686460,
        type: 3}
      propertyPath: m_LocalEulerAnglesHint.y
      value: 0
      objectReference: {fileID: 0}
    - target: {fileID: 1984784752656474788, guid: bcb13c917b266b64eac05f334a686460,
        type: 3}
      propertyPath: m_LocalEulerAnglesHint.z
      value: 0
      objectReference: {fileID: 0}
    - target: {fileID: 1984784752656474788, guid: bcb13c917b266b64eac05f334a686460,
        type: 3}
      propertyPath: m_AnchoredPosition.x
      value: 0
      objectReference: {fileID: 0}
    - target: {fileID: 1984784752656474788, guid: bcb13c917b266b64eac05f334a686460,
        type: 3}
      propertyPath: m_AnchoredPosition.y
      value: 0
      objectReference: {fileID: 0}
    - target: {fileID: 1984784752656474788, guid: bcb13c917b266b64eac05f334a686460,
        type: 3}
      propertyPath: m_SizeDelta.x
      value: 100
      objectReference: {fileID: 0}
    - target: {fileID: 1984784752656474788, guid: bcb13c917b266b64eac05f334a686460,
        type: 3}
      propertyPath: m_SizeDelta.y
      value: 100
      objectReference: {fileID: 0}
    - target: {fileID: 1984784752656474788, guid: bcb13c917b266b64eac05f334a686460,
        type: 3}
      propertyPath: m_AnchorMin.x
      value: 0.5
      objectReference: {fileID: 0}
    - target: {fileID: 1984784752656474788, guid: bcb13c917b266b64eac05f334a686460,
        type: 3}
      propertyPath: m_AnchorMin.y
      value: 0.5
      objectReference: {fileID: 0}
    - target: {fileID: 1984784752656474788, guid: bcb13c917b266b64eac05f334a686460,
        type: 3}
      propertyPath: m_AnchorMax.x
      value: 0.5
      objectReference: {fileID: 0}
    - target: {fileID: 1984784752656474788, guid: bcb13c917b266b64eac05f334a686460,
        type: 3}
      propertyPath: m_AnchorMax.y
      value: 0.5
      objectReference: {fileID: 0}
    - target: {fileID: 1984784752656474788, guid: bcb13c917b266b64eac05f334a686460,
        type: 3}
      propertyPath: m_Pivot.x
      value: 0.5
      objectReference: {fileID: 0}
    - target: {fileID: 1984784752656474788, guid: bcb13c917b266b64eac05f334a686460,
        type: 3}
      propertyPath: m_Pivot.y
      value: 0.5
      objectReference: {fileID: 0}
    - target: {fileID: 1984784752656474789, guid: bcb13c917b266b64eac05f334a686460,
        type: 3}
      propertyPath: m_Name
      value: HUD
      objectReference: {fileID: 0}
    - target: {fileID: 6384946343250280679, guid: bcb13c917b266b64eac05f334a686460,
        type: 3}
      propertyPath: m_AnchorMax.x
      value: 0
      objectReference: {fileID: 0}
    - target: {fileID: 6384946343250280679, guid: bcb13c917b266b64eac05f334a686460,
        type: 3}
      propertyPath: m_AnchorMax.y
      value: 0
      objectReference: {fileID: 0}
    m_RemovedComponents: []
  m_SourcePrefab: {fileID: 100100000, guid: bcb13c917b266b64eac05f334a686460, type: 3}
--- !u!224 &5799182906044890527 stripped
RectTransform:
  m_CorrespondingSourceObject: {fileID: 1984784752656474788, guid: bcb13c917b266b64eac05f334a686460,
    type: 3}
  m_PrefabInstance: {fileID: 5472305757731020603}
  m_PrefabAsset: {fileID: 0}
--- !u!1001 &7345422904646111768
PrefabInstance:
  m_ObjectHideFlags: 0
  serializedVersion: 2
  m_Modification:
    m_TransformParent: {fileID: 5799182906637924525}
    m_Modifications:
    - target: {fileID: 3858169904710564768, guid: ad75d7309b7aeeb49938663c1c2fcd82,
        type: 3}
      propertyPath: m_LocalPosition.x
      value: 0
      objectReference: {fileID: 0}
    - target: {fileID: 3858169904710564768, guid: ad75d7309b7aeeb49938663c1c2fcd82,
        type: 3}
      propertyPath: m_LocalPosition.y
      value: 0
      objectReference: {fileID: 0}
    - target: {fileID: 3858169904710564768, guid: ad75d7309b7aeeb49938663c1c2fcd82,
        type: 3}
      propertyPath: m_LocalPosition.z
      value: 0
      objectReference: {fileID: 0}
    - target: {fileID: 3858169904710564768, guid: ad75d7309b7aeeb49938663c1c2fcd82,
        type: 3}
      propertyPath: m_LocalRotation.x
      value: 0
      objectReference: {fileID: 0}
    - target: {fileID: 3858169904710564768, guid: ad75d7309b7aeeb49938663c1c2fcd82,
        type: 3}
      propertyPath: m_LocalRotation.y
      value: 0
      objectReference: {fileID: 0}
    - target: {fileID: 3858169904710564768, guid: ad75d7309b7aeeb49938663c1c2fcd82,
        type: 3}
      propertyPath: m_LocalRotation.z
      value: 0
      objectReference: {fileID: 0}
    - target: {fileID: 3858169904710564768, guid: ad75d7309b7aeeb49938663c1c2fcd82,
        type: 3}
      propertyPath: m_LocalRotation.w
      value: 1
      objectReference: {fileID: 0}
    - target: {fileID: 3858169904710564768, guid: ad75d7309b7aeeb49938663c1c2fcd82,
        type: 3}
      propertyPath: m_RootOrder
      value: 1
      objectReference: {fileID: 0}
    - target: {fileID: 3858169904710564768, guid: ad75d7309b7aeeb49938663c1c2fcd82,
        type: 3}
      propertyPath: m_LocalEulerAnglesHint.x
      value: 0
      objectReference: {fileID: 0}
    - target: {fileID: 3858169904710564768, guid: ad75d7309b7aeeb49938663c1c2fcd82,
        type: 3}
      propertyPath: m_LocalEulerAnglesHint.y
      value: 0
      objectReference: {fileID: 0}
    - target: {fileID: 3858169904710564768, guid: ad75d7309b7aeeb49938663c1c2fcd82,
        type: 3}
      propertyPath: m_LocalEulerAnglesHint.z
      value: 0
      objectReference: {fileID: 0}
    - target: {fileID: 3858169904710564768, guid: ad75d7309b7aeeb49938663c1c2fcd82,
        type: 3}
      propertyPath: m_AnchoredPosition.x
      value: -153
      objectReference: {fileID: 0}
    - target: {fileID: 3858169904710564768, guid: ad75d7309b7aeeb49938663c1c2fcd82,
        type: 3}
      propertyPath: m_AnchoredPosition.y
      value: 213
      objectReference: {fileID: 0}
    - target: {fileID: 3858169904710564768, guid: ad75d7309b7aeeb49938663c1c2fcd82,
        type: 3}
      propertyPath: m_SizeDelta.x
      value: 276.24
      objectReference: {fileID: 0}
    - target: {fileID: 3858169904710564768, guid: ad75d7309b7aeeb49938663c1c2fcd82,
        type: 3}
      propertyPath: m_SizeDelta.y
      value: 337.91
      objectReference: {fileID: 0}
    - target: {fileID: 3858169904710564768, guid: ad75d7309b7aeeb49938663c1c2fcd82,
        type: 3}
      propertyPath: m_AnchorMin.x
      value: 1
      objectReference: {fileID: 0}
    - target: {fileID: 3858169904710564768, guid: ad75d7309b7aeeb49938663c1c2fcd82,
        type: 3}
      propertyPath: m_AnchorMin.y
      value: 0
      objectReference: {fileID: 0}
    - target: {fileID: 3858169904710564768, guid: ad75d7309b7aeeb49938663c1c2fcd82,
        type: 3}
      propertyPath: m_AnchorMax.x
      value: 1
      objectReference: {fileID: 0}
    - target: {fileID: 3858169904710564768, guid: ad75d7309b7aeeb49938663c1c2fcd82,
        type: 3}
      propertyPath: m_AnchorMax.y
      value: 0
      objectReference: {fileID: 0}
    - target: {fileID: 3858169904710564768, guid: ad75d7309b7aeeb49938663c1c2fcd82,
        type: 3}
      propertyPath: m_Pivot.x
      value: 0.5
      objectReference: {fileID: 0}
    - target: {fileID: 3858169904710564768, guid: ad75d7309b7aeeb49938663c1c2fcd82,
        type: 3}
      propertyPath: m_Pivot.y
      value: 0.5
      objectReference: {fileID: 0}
    - target: {fileID: 3858169904710564770, guid: ad75d7309b7aeeb49938663c1c2fcd82,
        type: 3}
      propertyPath: pad
      value: 
      objectReference: {fileID: 0}
    - target: {fileID: 3858169904710564770, guid: ad75d7309b7aeeb49938663c1c2fcd82,
        type: 3}
      propertyPath: inventoryUI
      value: 
      objectReference: {fileID: 5799182906637924513}
    - target: {fileID: 3858169904710564775, guid: ad75d7309b7aeeb49938663c1c2fcd82,
        type: 3}
      propertyPath: m_Name
      value: Inventory
      objectReference: {fileID: 0}
    - target: {fileID: 7430749007772465595, guid: ad75d7309b7aeeb49938663c1c2fcd82,
        type: 3}
      propertyPath: m_Name
      value: InventorySlot
      objectReference: {fileID: 0}
    m_RemovedComponents: []
  m_SourcePrefab: {fileID: 100100000, guid: ad75d7309b7aeeb49938663c1c2fcd82, type: 3}
--- !u!1 &5799182907164797375 stripped
GameObject:
  m_CorrespondingSourceObject: {fileID: 3858169904710564775, guid: ad75d7309b7aeeb49938663c1c2fcd82,
    type: 3}
  m_PrefabInstance: {fileID: 7345422904646111768}
  m_PrefabAsset: {fileID: 0}
--- !u!224 &5799182907164797368 stripped
RectTransform:
  m_CorrespondingSourceObject: {fileID: 3858169904710564768, guid: ad75d7309b7aeeb49938663c1c2fcd82,
    type: 3}
  m_PrefabInstance: {fileID: 7345422904646111768}
  m_PrefabAsset: {fileID: 0}
--- !u!224 &5799182905425569184 stripped
RectTransform:
  m_CorrespondingSourceObject: {fileID: 3858169904840292280, guid: ad75d7309b7aeeb49938663c1c2fcd82,
    type: 3}
  m_PrefabInstance: {fileID: 7345422904646111768}
  m_PrefabAsset: {fileID: 0}
--- !u!1001 &7955141466784255899
PrefabInstance:
  m_ObjectHideFlags: 0
  serializedVersion: 2
  m_Modification:
    m_TransformParent: {fileID: 5799182906637924525}
    m_Modifications:
    - target: {fileID: 4475594123579085079, guid: 1e3a1fa4e63a2554ca9c8196b1b0240a,
        type: 3}
      propertyPath: m_LocalPosition.x
      value: 0
      objectReference: {fileID: 0}
    - target: {fileID: 4475594123579085079, guid: 1e3a1fa4e63a2554ca9c8196b1b0240a,
        type: 3}
      propertyPath: m_LocalPosition.y
      value: 0
      objectReference: {fileID: 0}
    - target: {fileID: 4475594123579085079, guid: 1e3a1fa4e63a2554ca9c8196b1b0240a,
        type: 3}
      propertyPath: m_LocalPosition.z
      value: 0
      objectReference: {fileID: 0}
    - target: {fileID: 4475594123579085079, guid: 1e3a1fa4e63a2554ca9c8196b1b0240a,
        type: 3}
      propertyPath: m_LocalRotation.x
      value: 0
      objectReference: {fileID: 0}
    - target: {fileID: 4475594123579085079, guid: 1e3a1fa4e63a2554ca9c8196b1b0240a,
        type: 3}
      propertyPath: m_LocalRotation.y
      value: 0
      objectReference: {fileID: 0}
    - target: {fileID: 4475594123579085079, guid: 1e3a1fa4e63a2554ca9c8196b1b0240a,
        type: 3}
      propertyPath: m_LocalRotation.z
      value: 0
      objectReference: {fileID: 0}
    - target: {fileID: 4475594123579085079, guid: 1e3a1fa4e63a2554ca9c8196b1b0240a,
        type: 3}
      propertyPath: m_LocalRotation.w
      value: 1
      objectReference: {fileID: 0}
    - target: {fileID: 4475594123579085079, guid: 1e3a1fa4e63a2554ca9c8196b1b0240a,
        type: 3}
      propertyPath: m_RootOrder
      value: 4
      objectReference: {fileID: 0}
    - target: {fileID: 4475594123579085079, guid: 1e3a1fa4e63a2554ca9c8196b1b0240a,
        type: 3}
      propertyPath: m_LocalEulerAnglesHint.x
      value: 0
      objectReference: {fileID: 0}
    - target: {fileID: 4475594123579085079, guid: 1e3a1fa4e63a2554ca9c8196b1b0240a,
        type: 3}
      propertyPath: m_LocalEulerAnglesHint.y
      value: 0
      objectReference: {fileID: 0}
    - target: {fileID: 4475594123579085079, guid: 1e3a1fa4e63a2554ca9c8196b1b0240a,
        type: 3}
      propertyPath: m_LocalEulerAnglesHint.z
      value: 0
      objectReference: {fileID: 0}
    - target: {fileID: 4475594123579085079, guid: 1e3a1fa4e63a2554ca9c8196b1b0240a,
        type: 3}
      propertyPath: m_AnchoredPosition.x
      value: -153
      objectReference: {fileID: 0}
    - target: {fileID: 4475594123579085079, guid: 1e3a1fa4e63a2554ca9c8196b1b0240a,
        type: 3}
      propertyPath: m_AnchoredPosition.y
      value: 213
      objectReference: {fileID: 0}
    - target: {fileID: 4475594123579085079, guid: 1e3a1fa4e63a2554ca9c8196b1b0240a,
        type: 3}
      propertyPath: m_SizeDelta.x
      value: 276.24
      objectReference: {fileID: 0}
    - target: {fileID: 4475594123579085079, guid: 1e3a1fa4e63a2554ca9c8196b1b0240a,
        type: 3}
      propertyPath: m_SizeDelta.y
      value: 337.91
      objectReference: {fileID: 0}
    - target: {fileID: 4475594123579085079, guid: 1e3a1fa4e63a2554ca9c8196b1b0240a,
        type: 3}
      propertyPath: m_AnchorMin.x
      value: 1
      objectReference: {fileID: 0}
    - target: {fileID: 4475594123579085079, guid: 1e3a1fa4e63a2554ca9c8196b1b0240a,
        type: 3}
      propertyPath: m_AnchorMin.y
      value: 0
      objectReference: {fileID: 0}
    - target: {fileID: 4475594123579085079, guid: 1e3a1fa4e63a2554ca9c8196b1b0240a,
        type: 3}
      propertyPath: m_AnchorMax.x
      value: 1
      objectReference: {fileID: 0}
    - target: {fileID: 4475594123579085079, guid: 1e3a1fa4e63a2554ca9c8196b1b0240a,
        type: 3}
      propertyPath: m_AnchorMax.y
      value: 0
      objectReference: {fileID: 0}
    - target: {fileID: 4475594123579085079, guid: 1e3a1fa4e63a2554ca9c8196b1b0240a,
        type: 3}
      propertyPath: m_Pivot.x
      value: 0.5
      objectReference: {fileID: 0}
    - target: {fileID: 4475594123579085079, guid: 1e3a1fa4e63a2554ca9c8196b1b0240a,
        type: 3}
      propertyPath: m_Pivot.y
      value: 0.5
      objectReference: {fileID: 0}
    - target: {fileID: 4475594123579085080, guid: 1e3a1fa4e63a2554ca9c8196b1b0240a,
        type: 3}
      propertyPath: m_Name
      value: CharacterSheet
      objectReference: {fileID: 0}
    m_RemovedComponents: []
  m_SourcePrefab: {fileID: 100100000, guid: 1e3a1fa4e63a2554ca9c8196b1b0240a, type: 3}
--- !u!224 &5799182905660284556 stripped
RectTransform:
  m_CorrespondingSourceObject: {fileID: 4475594123579085079, guid: 1e3a1fa4e63a2554ca9c8196b1b0240a,
    type: 3}
  m_PrefabInstance: {fileID: 7955141466784255899}
  m_PrefabAsset: {fileID: 0}
